 Dungeon Crawl Stone Soup version 0.28.0-53-g5a82cb258f (console) character file.

Game seed: 8362465350156066304

2 Faeu the Firebug (level 1, 0/16 HPs)
             Began as an Ogre Fire Elementalist on May 29, 2022.
             Slain by a bat (1 damage)
             ... on level 1 of the Dungeon.
             The game lasted 00:00:54 (151 turns).

Faeu the Firebug (Ogre Fire Elementalist)            Turns: 151, Time: 00:00:55

Health: 0/16       AC:  3    Str: 11    XL:     1   Next: 40%
Magic:  2/3        EV:  9    Int: 16    God:
Gold:   0          SH:  0    Dex:  9    Spells: 3/4 levels left

rFire   . . .      SeeInvis .   (no weapon)
rCold   . . .      Faith    .   (no shield)
rNeg    . . .      Spirit   .   a - +0 robe
rPois   .          Reflect  .   (helmet restricted)
rElec   .          Harm     .   (no cloak)
rCorr   .          Rampage  .   (gloves unavailable)
Will    .....                   (boots unavailable)
Stlth   +.........              (no amulet)
HPRegen 0.05/turn               (no ring)
MPRegen 0.08/turn               (no ring)

@: no status effects
A: large, unfitting armour, tough skin 1
a: no special abilities


You were on level 1 of the Dungeon.
You visited 1 branch of the dungeon, and saw 1 of its levels.


Innate Abilities, Weirdness & Mutations

You are too large for most types of armour.
You have tough skin. (AC +1)


   Skills:
 + Level 1.8 Dodging
 + Level 1.4 Stealth
 + Level 2.4 Spellcasting
 + Level 1.0 Conjurations
 + Level 2.7 Fire Magic


You had 3 spell levels left.
You knew the following spells:

 Your Spells              Type           Power      Damage    Failure   Level
a - Foxfire               Conj/Fire      28%        2x1d5     10%         1

Your spell library contained the following spells:

 Spells                   Type           Power      Damage    Failure   Level
 Scorch                   Fire           20%        2d6       10%         2
 Conjure Flame            Conj/Fire      7%         6-21      28%         3
 Inner Flame              Hex/Fire       6%         N/A       34%         3
 Flame Wave               Conj/Fire      7%         2d5       67%         4

Inventory:

Hand Weapons
 b - a +0 dagger {short}
   (You took it off a goblin on level 1 of the Dungeon)
Missiles
 c - 6 poisoned darts {throwing}
Armour
 a - a +0 robe (worn)

Dungeon Overview and Level Annotations

Branches:
Dungeon (1/15)

Altars:

..# ..# #.# #.# #.# #
#.# . ... #b# #. #...##
#@# # .####. #..# #b# #
.)..# #...###K# # #
#bK##.##..##.#.# #
#....# #..b#r#.###
#####.#..##.##ยง#.....#
.r....r...$# #ยงw...#.#
####.####..###..####.#
#....w....K.......#
#..######r...######
#..# ######


You could see a dart slug, 2 bats, a kobold and a rat.


Message History

Your Conjurations skill increases to level 1! ๐Ÿ˜Ž MP[-1]
You lost 1 mp, and now have 1/3 mp. ๐Ÿ˜Ž MP[+1]
A rat and a dart slug come into view.
The dart slug launches a dart at you. The slug dart hits you.
There is a stone staircase leading down here. ๐Ÿ˜• HP[-2]
You take 2 damage, and now have 14/16 hp.
You conjure some foxfire!
The foxfire hits the dart slug. ๐Ÿ˜• MP[-1]
You lost 1 mp, and now have 1/3 mp.
The foxfire hits the dart slug. ๐Ÿ˜• MP[+1]
The dart slug launches a dart at you. The slug dart hits you. ๐Ÿ˜ฎ HP[-2]
You take 2 damage, and now have 12/16 hp.
A bat comes into view.
The bat closely misses you. x2
The bat hits you but does no damage. The bat barely misses you.
The bat hits you but does no damage.
You barely miss the bat. The bat barely misses you.
A kobold comes into view. It is wielding a +0 whip. ๐Ÿ˜• HP[+1]
The bat barely misses you. x2
The bat hits you. The bat barely misses you.
The bat completely misses you. ๐Ÿ˜ฎ HP[-1]
You take 1 damage, and now have 12/16 hp.
You miss the bat.
The kobold shouts!
You hear a shout!
The bat closely misses you.
A bat comes into view.
The kobold throws a stone.
The stone closely misses you. ๐Ÿ˜ฎ MP[+1]
Your mp is fully restored (3).
The bat barely misses you. The bat misses you.
The bat hits you but does no damage. The dart slug launches a dart at you.
The slug dart misses you. The bat hits you. ๐Ÿ˜ฎ HP[-1]
You take 1 damage, and now have 11/16 hp.
A bat comes into view.
The bat hits you but does no damage. The bat hits you.
The bat moves out of view. ๐Ÿ˜ฎ HP[-1]
You take 1 damage, and now have 10/16 hp.
You are too injured to fight recklessly!
Casting: Foxfire (safe; 10% risk of failure)
Press: ? - help, Q - select action, (/) - cycle Dir - look around, f - activate You conjure some foxfire!
The bat closely misses you. ๐Ÿ˜ฎ MP[-1]
You lost 1 mp, and now have 2/3 mp.
A bat comes into view.
The bat hits you. ๐Ÿ˜ฎ HP[-1]
You take 1 damage, and now have 9/16 hp.
The bat hits you.
* * * LOW HITPOINT WARNING * * *
The bat hits you.
* * * LOW HITPOINT WARNING * * *
The bat hits you but does no damage. ๐Ÿ˜จ HP[-2]
You take 2 damage, and now have 7/16 hp.
You closely miss the bat. The bat closely misses you.
The bat barely misses you. The bat hits you but does no damage. x2
You miss the bat. The bat hits you but does no damage.
The bat barely misses you. The bat hits you.
* * * LOW HITPOINT WARNING * * *
๐Ÿ˜จ HP[-1]
You take 1 damage, and now have 6/16 hp.
The bat hits you but does no damage. The bat hits you.
* * * LOW HITPOINT WARNING * * *
The bat hits you.
* * * LOW HITPOINT WARNING * * *
๐Ÿ˜ฑ HP[-2]
You take 2 damage, and now have 4/16 hp.
The bat hits you but does no damage. The bat closely misses you. x2
You closely miss the bat. The bat hits you.
* * * LOW HITPOINT WARNING * * *
The bat barely misses you. The bat hits you but does no damage.
The bat barely misses you. ๐Ÿ˜ฑ HP[-1]
You take 1 damage, and now have 3/16 hp.
The bat barely misses you. The bat hits you.
* * * LOW HITPOINT WARNING * * *
๐Ÿ˜ฑ HP[-1]
You take 1 damage, and now have 2/16 hp.
You are too injured to fight recklessly!
Casting: Foxfire (safe; 10% risk of failure)
Press: ? - help, Q - select action, (/) - cycle Dir - look around, f - activate
There is not enough space to conjure foxfire!
You miss the bat.
The bat hits you but does no damage. x2; The bat hits you.
* * * LOW HITPOINT WARNING * * *
The bat hits you.
You die...

Skill      XL: |  1 |
---------------+----+-----
Conjurations   | 1 |  1.0
Dodging        | |  1.8
Stealth        | |  1.4
Spellcasting   | |  2.4
Fire Magic     | |  2.7

Action                   || total
-------------------------++-------
Melee: Unarmed           ||    20
       Punch             ||     1
 Cast: Foxfire           ||     6
Armor: Robe              ||    18
Dodge: Dodged            ||    29

Levels and vault maps discovered:
D:1:      zaba_arrival_water, layout_basic,
          shapermc_ecumenical_altar_mp_ritualfount, minmay_vboxes

Notes
Turn   | Place    | Note
-------+----------+-------------------------------------------
     0 | D:1      | Faeu the Ogre Fire Elementalist began the quest for the
                  | Orb.
     0 | D:1      | Reached XP level 1. HP: 16/16 MP: 3/3
     0 | D:1      | magus.rc [v1.9.6]
   109 | D:1      | Reached skill level 1 in Conjurations
   147 | D:1      | HP: 4/16 [bat (1)]
   151 | D:1      | HP: 1/16 [bat (1)]
   151 | D:1      | Slain by a bat

Vanquished Creatures
  A giant cockroach (D:1)
  A goblin (D:1)
  A rat (D:1)
3 creatures vanquished.

Vanquished Creatures (others)
  6 foxfires (D:1)
6 creatures vanquished.

Grand Total: 9 creatures vanquished

Table legend:
 A = Non-vault XP
 B = Vault XP
 C = Vault XP percentage of total XP
 D = Non-vault monster count
 E = Vault monster count
 F = Vault count percentage of total count
                 A         B        C        D         E       F
            +---------+---------+-------+---------+---------+-------
      Total |       4 |       0 |   0.0 |       3 |       0 |   0.0
            +---------+---------+-------+---------+---------+-------
        D:1 |       4 |       0 |   0.0 |       3 |       0 |   0.0
            +---------+---------+-------+---------+---------+-------

Illustrated notes

Table legend:
 A = Kills in this place as a percentage of kills in entire the game.
 B = Kills by you in this place as a percentage of kills by you in the entire game.
 C = Kills by friends in this place as a percentage of kills by friends in the entire game.
 D = Other kills in this place as a percentage of other kills in the entire game.
 E = Experience gained in this place as a percentage of experience gained in the entire game.
 F = Experience gained in this place divided by the number of levels of this place that you have seen.
                   A       B       C       D       E      F
               +-------+-------+-------+-------+-------+----------------------
         Total | 100.0 | 100.0 |   N/A |   N/A | 100.0 |   4.0
       Dungeon | 100.0 | 100.0 |   N/A |   N/A | 100.0 |   4.0
               +-------+-------+-------+-------+-------+----------------------

Table legend: (Time is in decaauts)
 A = Elapsed time spent in this place.
 B = Non-inter-level travel time spent in this place.
 C = Inter-level travel time spent in this place.
 D = Time resting spent in this place.
 E = Time spent auto-exploring this place.
 F = Levels seen in this place.
 G = Mean time per level.
                   A        B        C        D        E       F      G
               +--------+--------+--------+--------+--------+-----+--------+
         Total |    157 |    157 |      0 |      0 |     70 |   1 |  157.0 |
       Dungeon |    157 |    157 |      0 |      0 |     70 |   1 |  157.0 |
               +--------+--------+--------+--------+--------+-----+--------+

Top non-repeatable levels by time:
     D:1: 157 daAuts
